 Dungeon Crawl Stone Soup version 0.28-a0-1395-g4f6bc678fa (webtiles) character file.

Game seed: 1739775023901177695

203 frimble the Grasshopper (level 5, 0/57 HPs)
             Began as a Demonspawn Warper on Jan 5, 2022.
             Slain by a river rat (1 damage)
             ... summoned by Eustachio
             ... on level 4 of the Dungeon.
             The game lasted 00:06:03 (5023 turns).

frimble the Grasshopper (Demonspawn Warper)         Turns: 5023, Time: 00:06:03

Health: 0/57       AC: 22    Str: 11    XL:     5   Next: 51%
Magic:  8/8        EV:  2    Int: 17    God:
Gold:   105        SH:  0    Dex: 12    Spells: 8/8 levels left

rFire   . . .      SeeInvis .   a - +0 short sword
rCold   . . .      Faith    .   (no shield)
rNeg    . . .      Spirit   .   (armour currently unavailable)
rPois   +          Reflect  .   (helmet currently unavailable)
rElec   .          Harm     .   (cloak currently unavailable)
rCorr   .          Rampage  .   (gloves currently unavailable)
Will    .....      NoTele   +   (boots currently unavailable)
Stlth   +.........              (no amulet)
HPRegen 0.19/turn               (no ring)
MPRegen 0.11/turn               (no ring)

@: tree-form (expiring)
A: stationary, stasis, torment immunity, boosted hp, (horns 2), repulsion field
1
a: no special abilities


You were on level 4 of the Dungeon.
You were a tree.
You visited 1 branch of the dungeon, and saw 4 of its levels.

You collected 105 gold pieces.

Inventory:

Hand Weapons
 a - a +0 short sword (weapon)
Missiles
 d - 11 boomerangs of dispersal
 e - 6 poisoned darts (quivered)
Armour
 b - a +0 leather armour (melded)
 h - a +1 pair of boots (melded)
 l - the +15 Maxwell's patent armour {-Cast -Tele rElec Will+ rCorr}
   (You found it on level 3 of the Dungeon)

   rElec:     It insulates you from electricity.
   -Cast:     It prevents spellcasting.
   -Tele:     It prevents most forms of teleportation.
   rCorr:     It protects you from acid and corrosion.
   Will:      It increases your willpower.
Jewellery
 g - a ring of flight
Scrolls
 c - a scroll of blinking
Potions
 j - a potion of cancellation {unknown}
 m - a potion of might {unknown}


   Skills:
 - Level 2.0 Fighting
 + Level 3.1 Short Blades
 + Level 2.6 Throwing
 - Level 1.0 Armour
 - Level 2.4 Dodging
 - Level 2.0 Spellcasting
 + Level 3.8 Translocations


You had 8 spell levels left.
You didn't know any spells.
Your spell library contained the following spells:

 Spells                   Type           Power      Damage    Failure   Level
 Blink                    Tloc           28%        N/A       6%          2
 Gell's Gravitas          Tloc           14%        N/A       12%         3
 Lesser Beckoning         Tloc           14%        N/A       12%         3
 Teleport Other           Tloc           14%        N/A       12%         3
 Manifold Assault         Tloc           14%        N/A       75%         5


Dungeon Overview and Level Annotations

Branches:
Dungeon (4/15)
 Temple: D:4-7

Altars:

Annotations:
D:4 Eustachio


Innate Abilities, Weirdness & Mutations

You are a tree.
Your roots penetrate the ground, keeping you stationary.
You cannot be teleported.
You are immune to unholy pain and torment.
Your maximum health is greatly increased.
Your equipment is partially melded.
((You have a pair of horns on your head.))
You are surrounded by a mild repulsion field. (EV +2)


Message History

Eustachio gestures wildly while chanting.
Eustachio blinks!
You hit the river rat.
The river rat is severely wounded.
The river rat bites you but does no damage.
Eustachio hits you with a +0 rapier.
* * * LOW HITPOINT WARNING * * *
You hit Eustachio but do no damage.
Eustachio is severely wounded.
The river rat bites you.
* * * LOW HITPOINT WARNING * * *
Eustachio twirls his moustache.
Eustachio casts a spell.
Eustachio blinks!
Throw: 9 darts (poison)
Press: ? - help, Q - select action, (/) - cycle Shift-Dir - straight line, f - river rat
Aim: a river rat (severely wounded, summoned, 55% to hit)
You throw a poisoned dart. The poisoned dart hits the river rat.
The river rat is poisoned.
The river rat is severely wounded.
The river rat bites you.
* * * LOW HITPOINT WARNING * * *
Throw: 8 darts (poison)
Press: ? - help, Q - select action, (/) - cycle Shift-Dir - straight line, f - Eustachio, p - river rat
Aim: Eustachio, wielding a +0 rapier, wearing a +0 leather armour and carrying a wand of flame (18) (severely wounded, 48% to hit)
You throw a poisoned dart. The poisoned dart hits Eustachio.
Eustachio is poisoned.
Eustachio is severely wounded.
The river rat bites you.
* * * LOW HITPOINT WARNING * * *
Throw: 7 darts (poison)
Press: ? - help, Q - select action, (/) - cycle Shift-Dir - straight line, f/p - Eustachio
Aim: Eustachio, wielding a +0 rapier, wearing a +0 leather armour and carrying a wand of flame (18) (severely wounded, poisoned, 48% to hit)
You throw a poisoned dart.
The poisoned dart closely misses Eustachio.
Your transformation is almost over.
Eustachio zaps a wand.
The puff of flame hits you but does no damage.
The river rat bites you.
You die...

).........#...........#
#...#####)#†<.........#
#...# #((.##+#.######
#...# ##..# #(# #...#
#.># #(# #...# ##.# #(#
##### #.# #(# #.# #r#
#.# #♣# #.# #..@(....
.# #########


You could see Eustachio (poisoned) and a river rat (summoned, poisoned).

Vanquished Creatures
  A hound (D:2)
  A gnoll shaman (D:4)
  An orc wizard (D:3)
  Robin (D:3)
  4 gnolls
  3 worms
  A dart slug (D:3)
  3 orcs (D:3)
  An endoplasm (D:2)
  3 giant cockroaches
  11 goblins
  6 hobgoblins
  3 jackals (D:2)
  2 quokkas (D:3)
  6 ball pythons
  2 bats
  5 frilled lizards
  5 kobolds
  3 rats
62 creatures vanquished.

Vanquished Creatures (others)
  4 toadstools (D:1)
4 creatures vanquished.

Grand Total: 66 creatures vanquished

Notes
Turn   | Place    | Note
-------+----------+-------------------------------------------
     0 | D:1      | frimble the Demonspawn Warper began the quest for the Orb.
     0 | D:1      | Reached XP level 1. HP: 16/16 MP: 3/3
    50 | D:1      | Reached skill level 1 in Throwing
   120 | D:1      | Reached skill level 1 in Armour
   445 | D:1      | Gained mutation: You are surrounded by a mild repulsion
                  | field. (EV +2) [demonic ancestry]
   445 | D:1      | Reached XP level 2. HP: 19/22 MP: 5/5
  1033 | D:2      | HP: 1/22 [hound (4)]
  1036 | D:2      | Reached XP level 3. HP: 2/27 MP: 6/6
  2056 | D:3      | Noticed Robin
  2095 | D:2      | Gained mutation: You have a pair of small horns on your
                  | head. [demonic ancestry]
  2095 | D:2      | Reached XP level 4. HP: 11/33 MP: 7/7
  2458 | D:3      | Killed Robin
  2796 | D:3      | Found the +15 Maxwell's patent armour {-Cast -Tele rElec
                  | Will+ rCorr}
  3926 | D:4      | Gained mutation: You have a pair of horns on your head.
                  | [demonic ancestry]
  3926 | D:4      | Reached XP level 5. HP: 24/38 MP: 8/8
  4293 | D:3      | HP: 1/38 [gnoll (9)]
  4745 | D:4      | Noticed Eustachio
  5022 | D:4      | HP: 1/57 [river rat[Eustachio] (4)]
  5023 | D:4      | Slain by a river rat

Illustrated notes

Levels and vault maps discovered:
D:1:      ldierk_walled_garden_2, layout_rooms
D:2:      layout_rooms
D:3:      layout_basic, uniq_robin
D:4:      layout_basic, serial_shops, kennysheep_little_box, uniq_eustachio

Skill      XL: |  1  2  3  4 |
---------------+-------------+-----
Throwing       | 1 2 |  2.6
Armour         | 1 |  1.0
Short Blades   | 2 3 |  3.1
Dodging        | 2 |  2.4
Translocations | 3 |  3.8
Fighting       | |  2.0
Spellcasting   | |  2.0

Action                   |  1- 3 |  4- 6 || total
-------------------------+-------+-------++-------
Melee: Short sword       |   125 |   166 ||   291
       Headbutt          |       |    18 ||    18
Throw: Dart              |     2 |    41 ||    43
  Use: Scroll            |     1 |     4 ||     5
       Potion            |     1 |     1 ||     2
Armor: Leather armour    |    34 |    24 ||    58
       Skin              |     1 |    10 ||    11
       Plate armour      |       |    32 ||    32
Dodge: Dodged            |    84 |   109 ||   193

Table legend: (Time is in decaauts)
 A = Elapsed time spent in this place.
 B = Non-inter-level travel time spent in this place.
 C = Inter-level travel time spent in this place.
 D = Time resting spent in this place.
 E = Time spent auto-exploring this place.
 F = Levels seen in this place.
 G = Mean time per level.
                   A        B        C        D        E       F      G
               +--------+--------+--------+--------+--------+-----+--------+
         Total |   5021 |   4908 |    113 |   1248 |   2731 |   4 | 1255.2 |
       Dungeon |   5021 |   4908 |    113 |   1248 |   2731 |   4 | 1255.2 |
               +--------+--------+--------+--------+--------+-----+--------+

Top non-repeatable levels by time:
     D:3: 2181 daAuts
     D:2: 1887 daAuts
     D:1: 811 daAuts
     D:4: 142 daAuts
